 Dungeon Crawl Stone Soup version 0.22-a0-268-g1cc83ef (console) character file.

178030 Duffy the Warrior (level 17, 142/142 HPs)
             Began as a Demonspawn Fire Elementalist on Mar 9, 2018.
             Was the Champion of Vehumet.
             Quit the game on level 3 of the Spider Nest.
             The game lasted 01:31:24 (37293 turns).

Duffy the Warrior (Demonspawn Fire Elementalist)   Turns: 37293, Time: 01:31:25

Health: 142/142    AC: 21    Str:  9    XL:     17   Next: 56%
Magic:  18/35      EV: 21    Int: 26    God:    Vehumet [******]
Gold:   954        SH:  7    Dex: 22    Spells: 12/44 levels left

rFire    . . .     SeeInvis +   Z - staff of conjuration
rCold    . . .     Gourm    .   h - +1 buckler {AC+3}
rNeg     + . .     Faith    .   R - +2 robe {Archmagi}
rPois    .         Spirit   +   u - +1 hat
rElec    .         Reflect  .   H - +1 cloak "Izeurue" {Dex+5}
rCorr    .         Harm     .   x - +1 pair of gloves
MR       +....                  Q - +0 pair of boots of Okawaru's Scorn {Int+4 Dex+2 Stlth+}
Stlth    +++.......             d - amulet of magic regeneration
HPRegen  0.33/turn              X - +6 ring of protection
MPRegen  0.73/turn              J - ring of see invisible

@: no status effects
A: antennae 2, molten scales 1, demonic guardian 2, negative energy resistance
1, 50% torment resistance, magic shield, magic regeneration, magic link
a: Renounce Religion


You were on level 3 of the Spider Nest.
You worshipped Vehumet.
Vehumet was exalted by your worship.
You were not hungry.

You visited 6 branches of the dungeon, and saw 30 of its levels.
You also visited: Sewer.

You collected 3156 gold pieces.
You spent 2202 gold pieces at shops.

Inventory:

Hand Weapons
 K - a +0 blowgun
Missiles
 E - 5 curare-tipped needles
Armour
 h - a +1 buckler of protection (worn)
 u - a +1 hat (worn)
 x - a +1 pair of gloves (worn)
 H - the +1 cloak "Izeurue" (worn) {Dex+5}
   (You found it on level 5 of the Dungeon)

   It affects your dexterity (+5).
 Q - the +0 pair of boots of Okawaru's Scorn (worn) {Int+4 Dex+2 Stlth+}
   (You found it on level 3 of the Elven Halls)

   It affects your intelligence (+4).
   It affects your dexterity (+2).
   It makes you more stealthy.
 R - a +2 robe of the Archmagi (worn)
Magical Staves
 A - an uncursed staff of fire
 S - an uncursed staff of air
 Z - an uncursed staff of conjuration (weapon)
Jewellery
 d - an amulet of magic regeneration (around neck)
 e - an uncursed ring of poison resistance
 g - an uncursed ring of fire
 l - an uncursed ring of flight
 q - an uncursed ring of resist corrosion
 y - an uncursed ring of protection from cold
 J - a ring of see invisible (right hand)
 L - an uncursed ring of magical power
 O - an uncursed ring of protection from magic
 T - an uncursed amulet of the gourmand
 V - an uncursed ring of protection from fire
 X - a +6 ring of protection (left hand)
Wands
 i - a wand of iceblast (7)
 n - a wand of acid (9)
 I - a wand of digging (25)
Scrolls
 a - 6 scrolls of fog
 b - 6 scrolls of amnesia
 k - 4 scrolls of immolation
 m - 5 scrolls of blinking
 p - 4 scrolls of magic mapping
 r - 14 scrolls of teleportation
 z - 3 scrolls of enchant armour
 C - a scroll of identify
 F - 6 scrolls of fear
 M - 12 scrolls of remove curse
Potions
 f - 2 potions of resistance
 j - 9 potions of heal wounds
 o - 2 potions of mutation
 s - 4 potions of flight
 t - 9 potions of magic
 v - 13 potions of curing
 w - 9 potions of brilliance
 B - 3 potions of ambrosia
 D - 5 potions of haste
 G - a potion of agility
 U - 2 potions of cancellation
Comestibles
 c - 44 rations


   Skills:
 - Level 15.0 Fighting
 - Level 10.0 Dodging
 - Level 1.7 Stealth
 - Level 4.0 Shields
 + Level 14.3 Spellcasting
 * Level 12.9 Conjurations
 - Level 4.5 Charms
 - Level 3.0 Summonings
 - Level 4.2 Necromancy
 - Level 3.0 Translocations
 * Level 12.8 Fire Magic
 - Level 6.0 Evocations


You had 12 spell levels left.
You knew the following spells:

 Your Spells              Type           Power        Failure   Level  Hunger
a - Iskenderun's Mystic   Conj           ########     1%          4    None
h - Bolt of Fire          Conj/Fire      ########..   1%          6    ####...
j - Sticky Flame          Conj/Fire      ########     1%          4    None
k - Fireball              Conj/Fire      ########..   1%          5    ##.....
l - Conjure Flame         Conj/Fire      ########     1%          3    None
o - Mephitic Cloud        Conj/Pois/Air  #######.     1%          3    None
s - Flame Tongue          Conj/Fire      #####        0%          1    None
t - Summon Butterflies    Summ           ######..     1%          1    None
y - Regeneration          Chrm/Necr      ######....   1%          3    None
B - Blink                 Tloc           N/A          1%          2    None


Dungeon Overview and Level Annotations

Branches:
Dungeon (15/15)            Temple (1/1) D:4            Lair (6/6) D:8
 Shoals (0/4) Lair:2       Spider (3/4) Lair:3        Slime (0/5) Lair:6
    Orc (2/2) D:11            Elf (3/3) Orc:2        Vaults (0/5) D:13
 Depths (0/5) D:15

Altars:
Ashenzari
Cheibriados
Dithmenos
Elyvilon
Fedhas
Gozag
Hepliaklqana
Kikubaaqudgha
Makhleb
Nemelex Xobeh
Okawaru
Qazlal
Ru
Sif Muna
Trog
Uskayaw
Vehumet
Wu Jian
Xom
Yredelemnul
Zin
The Shining One
Beogh

Shops:
D:5 %   D:11 =*[   Orc:2 :[((   Elf:2 [   Elf:3 !

Portals:
Hell: Lair:6

Annotations:
Lair:4 1 exclusion
Elf:2 5 runed doors, exclusion: 5 doors


Innate Abilities, Weirdness & Mutations

You have a pair of antennae on your head.
You are partially covered in molten scales. (AC +2)
A demonic guardian rushes to your aid.
You resist negative energy. (rN+)
You are somewhat able to resist unholy torments (1 in 2 success).
When hurt, damage is shared between your health and your magic reserves.
You regenerate magic rapidly.
When low on magic, you restore magic in place of health.


Message History

Aiming: Bolt of Fire (safe; 1% risk of failure)
Press: ? - help, Shift-Dir - straight line, f/p - demonic crawler
Aim: a demonic crawler (severely wounded, clinging)
You feel a strong surge of power!
The bolt of fire hits the demonic crawler.
The demonic crawler resists.
The demonic crawler is almost dead.
A demonic crawler is nearby!
Cast which spell? (? or * to list)
Aiming: Bolt of Fire (safe; 1% risk of failure)
Press: ? - help, Shift-Dir - straight line, f/p - demonic crawler
Aim: a demonic crawler (almost dead, clinging)
You feel a strong surge of power!
The bolt of fire hits the demonic crawler.
The demonic crawler resists.
You kill the demonic crawler!
Vehumet accepts your kill.
Vehumet offers you knowledge of Glaciate, Tornado, and Ignition.
These spells will remain available as long as you worship Vehumet.
You feel your power returning.
Are you sure you want to abandon this character and quit the game? (Confirm with "yes".)

.^..........#..###
.................#
..#........#.##.##
.#....>^..^^..###
....
..#....>..#### ...
.^.........#.# ..
.#......#.#..# .
............^#
...#.......@##
...[......###
........#
......... .......
....... ..#.<..


There were no monsters in sight!

Vanquished Creatures
  Saint Roka (Orc:2)
  Rupert (D:15)
  A deep elf blademaster (Elf:3)
  A deep elf master archer (Elf:3)
  8 deep elf sorcerers (Elf:3)
  A ghost moth (Spider:2)
  4 deep elf elementalists (Elf:3)
  2 emperor scorpions (Spider:2)
  3 entropy weavers
  6 deep elf demonologists
  A spark wasp (Spider:2)
  5 deep elf annihilators
  4 deep elf death magi
  The ghost of Nr616 the Carver, a journeyman MiBe of Trog (Lair:2)
  6 deep elf high priests
  Fannar (Orc:1)
  6 hydras
  2 centaur warriors
  5 two-headed ogres
  15 dancing weapons
  10 death yaks
  A tengu warrior (D:15)
  An orc high priest (Orc:2)
  7 deep elf knights
  Nergalle (Orc:1)
  2 skeletal warriors (D:15)
  A spark wasp zombie (D:15)
  A sixfirhy (Lair:6)
  An unseen horror (D:15)
  4 deep elf archers
  A flayed ghost (D:15)
  A wizard (Lair:6)
  A phantasmal warrior (D:13)
  37 deep elf magi
  11 wolf spiders
  2 necromancers
  A cyclops (D:13)
  3 orc sorcerers (Orc:2)
  7 ugly things
  3 manticores
  16 orb spiders
  Maurice (D:13)
  2 moths of wrath
  4 black mambas
  11 elephants
  2 centaur zombies
  An orange demon (Lair:6)
  A smoke demon (Lair:6)
  Psyche (D:10)
  6 spiny frogs
  2 rime drakes (Lair:6)
  A kobold demonologist (D:13)
  4 centaur skeletons
  5 komodo dragons
  2 tengu conjurers (D:12)
  4 ice devils (Lair:6)
  10 demonic crawlers
  A queen bee (Lair:1)
  19 jumping spiders
  A red devil (Lair:6)
  4 trolls
  A polar bear (Lair:6)
  5 blink frogs (Lair:3)
  3 meliai (D:15)
  A dream sheep (Lair:6)
  An ice dragon zombie (D:15)
  A spriggan zombie (D:15)
  7 hippogriffs
  42 redbacks
  A wyvern (shapeshifter) (D:15)
  A wraith (D:13)
  2 yaks (shapeshifter)
  2 hogs (D:12)
  12 tarantellas
  2 shadows (D:12)
  2 water elementals (Elf:2)
  42 yaks
  2 wyverns
  A hungry ghost (D:8)
  A human (D:12)
  Grum (D:10)
  4 basilisks
  2 fire elementals (Elf:3)
  2 vampire mosquitoes (D:11)
  6 wargs
  Edmund (D:4)
  4 hell hounds (Lair:6)
  13 water moccasins
  Duvessa (D:6)
  10 porcupines
  33 orc warriors
  4 ice beasts
  3 sky beasts
  A black bear (D:8)
  An eye of draining (D:14)
  6 wolves
  A centaur (shapeshifter) (D:14)
  11 ogres
  4 crocodiles
  8 centaurs
  2 big kobolds
  Blork the orc (D:4)
  16 bullfrogs
  A gnoll sergeant (D:8)
  A wyvern zombie (D:10)
  An earth elemental (Elf:3)
  9 scorpions
  Dowan (D:6)
  26 killer bees (Lair:1)
  4 howler monkeys
  5 wights (D:8)
  2 electric eels (D:8)
  6 crimson imps
  4 jellies
  3 lava snakes (Lair:4)
  10 hounds
  28 orc priests
  4 bullfrog skeletons
  An iron imp (D:8)
  4 iguanas
  26 orc wizards
  15 worker ants
  A hound zombie (D:11)
  Robin (D:2)
  A worker ant zombie (D:6)
  8 adders
  9 gnolls
  2 howler monkey skeletons
  A shadow imp (D:6)
  An adder skeleton (D:4)
  7 worms
  3 leopard geckos
  104 orcs
  6 giant cockroaches
  17 goblins
  12 hobgoblins
  10 jackals
  2 quokkas (D:7)
  A ball python (D:3)
  11 bats
  6 frilled lizards
  A jackal skeleton (D:5)
  29 kobolds
  A leopard gecko skeleton (D:4)
  2 leopard gecko zombies
  A quokka skeleton (D:5)
  9 rats
  2 crawling corpses (Elf:3)
  7 fungi
  3 plants
  A withered plant (D:15)
942 creatures vanquished.

Vanquished Creatures (collateral kills)
  A deep elf master archer (Elf:3)
  A deep elf demonologist (Elf:2)
  2 dire elephants (Lair:6)
  A death yak (Lair:6)
  An unseen horror (D:14)
  A wolf spider (Spider:1)
  A deep elf mage (Elf:2)
  An orb spider (Spider:1)
  An elephant (Lair:6)
  A yaktaur zombie (D:15)
  A hippogriff (Lair:2)
  2 yaks (D:13)
  A hungry ghost (D:9)
  A water moccasin (Lair:5)
  Purgy (Sewer)
  An ice beast (D:5)
  A wolf (D:8)
  3 ogres
  2 crocodiles (Lair:6)
  2 bullfrogs
  A hound (D:8)
  A gnoll (D:2)
  An orc (D:7)
  A quokka (D:10)
30 creatures vanquished.

Vanquished Creatures (others)
  14 fungi
  4 plants (Lair:6)
18 creatures vanquished.

Grand Total: 990 creatures vanquished

Notes
Turn   | Place    | Note
-------+----------+-------------------------------------------
     0 | D:1      | Duffy the Demonspawn Fire Elementalist began the quest for the Orb.
     0 | D:1      | Reached XP level 1. HP: 13/13 MP: 3/3
   212 | D:1      | Gained mutation: You are partially covered in molten scales. (AC +2) [demonic ancestry]
   212 | D:1      | Reached XP level 2. HP: 19/19 MP: 3/5
   799 | D:2      | Gained mutation: When hurt, damage is shared between your health and your magic reserves. [demonic ancestry]
   799 | D:2      | Reached XP level 3. HP: 24/24 MP: 3/6
   806 | D:1      | Learned a level 3 spell: Conjure Flame
  1256 | D:2      | Gained mutation: A weak demonic guardian rushes to your aid. [demonic ancestry]
  1256 | D:2      | Reached XP level 4. HP: 30/30 MP: 1/7
  1314 | D:2      | Learned a level 4 spell: Sticky Flame
  1478 | D:2      | Noticed Robin
  1515 | D:2      | Killed Robin
  1812 | D:2      | Found a bloodstained altar of Trog.
  1958 | D:3      | Reached XP level 5. HP: 35/35 MP: 6/9
  2206 | D:3      | Found a blossoming altar of Fedhas.
  2469 | D:3      | Noticed an ogre
  2477 | D:3      | Killed an ogre
  2710 | D:3      | Found a shattered altar of Ashenzari.
  2712 | D:3      | Found a shimmering altar of Xom.
  2712 | D:3      | Found an ornate altar of the Wu Jian Council.
  2714 | D:3      | Found an iron altar of Okawaru.
  2714 | D:3      | Found an iron altar of Okawaru.
  2714 | D:3      | Found a shimmering altar of Xom.
  3244 | D:4      | Gained mutation: You have a pair of small antennae on your head. [demonic ancestry]
  3244 | D:4      | Reached XP level 6. HP: 40/41 MP: 8/11
  3434 | D:4      | Noticed Blork the orc
  3444 | D:4      | Killed Blork the orc
  3572 | D:4      | Found a staircase to the Ecumenical Temple.
  3640 | Temple   | Entered the Ecumenical Temple
  3850 | Temple   | Became a worshipper of Vehumet
  3912 | D:4      | Found an ornate altar of the Wu Jian Council.
  4060 | D:4      | Noticed Edmund
  4127 | D:4      | Killed Edmund
  4451 | D:5      | Entered Level 5 of the Dungeon
  4500 | D:5      | Found a glowing drain.
  4526 | Sewer    | Entered a sewer
  4563 | Sewer    | Noticed Purgy
  4577 | Sewer    | Killed Purgy
  4577 | Sewer    | Gained mutation: You regenerate magic rapidly. [demonic ancestry]
  4577 | Sewer    | Reached XP level 7. HP: 46/46 MP: 3/13
  4721 | D:5      | Found Soykkyg's Food Emporium.
  4789 | D:5      | Reached skill level 1 in Fighting
  4888 | D:5      | Reached skill level 2 in Fighting
  4940 | D:5      | Reached skill level 3 in Fighting
  4966 | D:5      | Got an encrusted cloak
  5019 | D:4      | Identified the +1 cloak "Izeurue" {Dex+5} (You found it on level 5 of the Dungeon)
  5813 | D:6      | Gained mutation: You resist negative energy. (rN+) [demonic ancestry]
  5813 | D:6      | Reached XP level 8. HP: 60/60 MP: 9/14
  5996 | D:6      | Reached * piety under Vehumet
  5996 | D:6      | Offered knowledge of Shock by Vehumet.
  6032 | D:6      | Reached skill level 4 in Fighting
  6062 | D:6      | Noticed Duvessa
  6084 | D:6      | Noticed Dowan
  6100 | D:6      | Killed Dowan
  6949 | D:7      | Reached skill level 5 in Fighting
  6949 | D:7      | Reached skill level 5 in Dodging
  7001 | D:7      | Learned a level 5 spell: Fireball
  7581 | D:8      | Offered knowledge of Throw Frost by Vehumet.
  7582 | D:8      | Reached ** piety under Vehumet
  7593 | D:8      | Reached XP level 9. HP: 56/69 MP: 6/16
  7632 | D:8      | Reached skill level 6 in Fighting
  7632 | D:8      | Reached skill level 5 in Spellcasting
  7663 | D:8      | Noticed a troll
  7688 | D:8      | Killed a troll
  7867 | D:8      | Offered knowledge of Mephitic Cloud by Vehumet.
  7927 | D:8      | Reached skill level 5 in Conjurations
  7991 | D:8      | Reached skill level 5 in Fire Magic
  8077 | D:8      | Found a snail-covered altar of Cheibriados.
  8312 | D:8      | Learned a level 3 spell: Mephitic Cloud
  8367 | D:8      | Reached *** piety under Vehumet
  8522 | D:8      | Found a staircase to the Lair.
  8752 | D:8      | Found a stormy altar of Qazlal.
  8752 | D:8      | Found a burning altar of Makhleb.
  8753 | D:8      | Found an ancient bone altar of Kikubaaqudgha.
  9060 | D:9      | Gained mutation: When low on magic, you restore magic in place of health. [demonic ancestry]
  9060 | D:9      | Reached XP level 10. HP: 66/76 MP: 18/18
  9248 | D:9      | Noticed a two-headed ogre
  9272 | D:9      | Killed a two-headed ogre
  9678 | D:10     | Entered Level 10 of the Dungeon
 10126 | D:10     | Noticed a two-headed ogre
 10132 | D:10     | Killed a two-headed ogre
 10132 | D:10     | Offered knowledge of Dazzling Spray by Vehumet.
 10670 | D:10     | Noticed Grum
 10680 | D:10     | Killed Grum
 10742 | D:10     | Noticed a two-headed ogre
 10748 | D:10     | Killed a two-headed ogre
 10748 | D:10     | Gained mutation: You have a pair of antennae on your head. [demonic ancestry]
 10748 | D:10     | Reached XP level 11. HP: 81/81 MP: 13/21
 10752 | D:10     | Noticed Psyche
 10764 | D:10     | Killed Psyche
 10948 | Lair:1   | Entered Level 1 of the Lair of Beasts
 11254 | Lair:1   | Reached **** piety under Vehumet
 11488 | Lair:1   | Reached skill level 1 in Shields
 11488 | Lair:1   | Offered knowledge of Throw Icicle by Vehumet.
 12361 | Lair:2   | Reached skill level 10 in Conjurations
 12648 | Lair:2   | Found a staircase to the Shoals.
 12704 | Lair:2   | Noticed Nr616's ghost (journeyman MiBe)
 12754 | Lair:2   | Killed Nr616's ghost
 12768 | Lair:2   | Noticed a seven-headed hydra
 12773 | Lair:2   | Killed a seven-headed hydra
 13347 | Lair:2   | Reached XP level 12. HP: 88/88 MP: 23/23
 13696 | Lair:3   | Reached ***** piety under Vehumet
 13697 | Lair:3   | Reached skill level 10 in Fire Magic
 13700 | Lair:3   | Offered knowledge of Iskenderun's Mystic Blast by Vehumet.
 13718 | Lair:3   | Found a hole to the Spider Nest.
 13784 | Lair:3   | Learned a level 4 spell: Iskenderun's Mystic Blast
 14654 | Lair:6   | Entered Level 6 of the Lair of Beasts
 14679 | Lair:6   | Reached skill level 7 in Fighting
 15402 | Lair:4   | Noticed a seven-headed hydra
 15408 | Lair:4   | Killed a seven-headed hydra
 16696 | Lair:6   | Reached skill level 8 in Fighting
 16709 | Lair:6   | Noticed a death yak
 16709 | Lair:6   | Noticed a death yak
 16710 | Lair:6   | Noticed a death yak
 16853 | Lair:6   | Found a staircase to the Slime Pits.
 17450 | Lair:5   | Gained mutation: A demonic guardian rushes to your aid. [demonic ancestry]
 17450 | Lair:5   | Reached XP level 13. HP: 99/99 MP: 20/26
 17752 | Lair:5   | Offered knowledge of Bolt of Fire by Vehumet.
 17752 | Lair:5   | Reached skill level 9 in Fighting
 17752 | Lair:5   | Reached skill level 10 in Spellcasting
 17760 | Lair:5   | Learned a level 6 spell: Bolt of Fire
 17881 | Lair:6   | Reached skill level 10 in Dodging
 18123 | Lair:6   | Reached skill level 10 in Fighting
 18572 | Lair:6   | Noticed a dire elephant
 18576 | Lair:6   | Killed a dire elephant
 18797 | Lair:6   | Noticed a dire elephant
 18803 | Lair:6   | Killed a dire elephant
 19264 | D:6      | Killed Duvessa
 19515 | D:11     | Found a staircase to the Orcish Mines.
 19602 | D:11     | Found Fecsosm's Armour Emporium.
 19659 | D:11     | Found Neil's Assorted Antiques.
 19674 | D:11     | Bought a scroll labeled ZIULUS HADDA for 35 gold pieces
 19674 | D:11     | Bought a coppery potion for 31 gold pieces
 19841 | D:11     | Offered knowledge of Yara's Violent Unravelling by Vehumet.
 20409 | D:11     | Found Cufuonit's Jewellery Boutique.
 20412 | D:11     | Bought an uncursed ring of see invisible for 150 gold pieces
 20581 | Orc:1    | Entered Level 1 of the Orcish Mines
 20581 | Orc:1    | Noticed Fannar
 20586 | Orc:1    | Killed Fannar
 20990 | Orc:2    | Entered Level 2 of the Orcish Mines
 21171 | Orc:2    | Found a roughly hewn altar of Beogh.
 21229 | Orc:2    | Found Pesonede's Book Shop.
 21306 | Orc:1    | Noticed Nergalle
 21311 | Orc:1    | Killed Nergalle
 21311 | Orc:1    | Reached XP level 14. HP: 111/111 MP: 12/28
 21620 | Orc:2    | Found a roughly hewn altar of Beogh.
 21626 | Orc:2    | Found Inuawiets's Weapon Emporium.
 21863 | Orc:2    | Found a roughly hewn altar of Beogh.
 22191 | Orc:2    | Noticed Saint Roka
 22274 | Orc:2    | Killed Saint Roka
 22439 | Orc:2    | Found a roughly hewn altar of Beogh.
 22499 | Orc:2    | Offered knowledge of Ozocubu's Refrigeration by Vehumet.
 22523 | Orc:2    | Found a roughly hewn altar of Beogh.
 22547 | Orc:2    | Found a staircase to the Elven Halls.
 22726 | Orc:2    | Found a roughly hewn altar of Beogh.
 23008 | Orc:2    | Found Zuitior's Antique Armour Shoppe.
 23009 | Orc:2    | Found a roughly hewn altar of Beogh.
 23014 | Orc:2    | Found Wuthreurgh's Antique Weapon Emporium.
 23025 | Orc:2    | Bought a glowing buckler for 210 gold pieces
 23073 | Orc:2    | Bought a pair of boots for 126 gold pieces
 23138 | Orc:2    | Bought a book of Minor Magic for 200 gold pieces
 23141 | Orc:2    | Learned a level 2 spell: Blink
 23209 | D:11     | Bought a scroll of teleportation for 105 gold pieces
 23209 | D:11     | Bought a scroll of magic mapping for 122 gold pieces
 23209 | D:11     | Bought a potion of magic for 280 gold pieces
 23209 | D:11     | Bought a scroll of immolation for 122 gold pieces
 23216 | D:11     | Bought a +1 pair of gloves for 161 gold pieces
 23489 | Lair:6   | Found a burning altar of Makhleb.
 23645 | Lair:6   | Found a gateway to Hell.
 24297 | D:12     | Found a sacrificial altar of Ru.
 25049 | D:13     | Noticed Maurice
 25052 | D:13     | Killed Maurice
 25052 | D:13     | Reached skill level 1 in Translocations
 25345 | D:13     | Offered knowledge of Freezing Cloud by Vehumet.
 25470 | D:13     | Got a smoking leather armour
 25779 | D:13     | Reached skill level 1 in Evocations
 25789 | D:13     | Found a gate to the Vaults.
 25953 | D:13     | Learned a level 1 spell: Summon Butterflies
 26000 | D:14     | Reached skill level 1 in Summonings
 27005 | D:15     | Entered Level 15 of the Dungeon
 27231 | D:15     | Reached XP level 15. HP: 117/117 MP: 21/30
 27286 | D:15     | Found a staircase to the Depths.
 27394 | D:15     | Reached skill level 5 in Evocations
 27530 | D:15     | Noticed Rupert
 27573 | D:15     | Killed Rupert
 28055 | D:15     | Found a shadowy altar of Dithmenos.
 28495 | Elf:1    | Entered Level 1 of the Elven Halls
 29202 | Elf:1    | Offered knowledge of Bolt of Cold by Vehumet.
 29801 | Elf:1    | Learned a level 3 spell: Regeneration
 30026 | Elf:2    | Identified the +2 leather armour "Focwuo" {Str+3 Slay+2} (You found it on level 13 of the Dungeon)
 30031 | Elf:2    | Found Huosoaps's Armour Emporium.
 30051 | Elf:2    | Reached skill level 1 in Necromancy
 30051 | Elf:2    | Reached skill level 1 in Charms
 30258 | Elf:2    | Found a huge runed gate.
 30258 | Elf:2    | Found a huge runed gate.
 30259 | Elf:2    | Found a huge runed gate.
 30286 | Elf:2    | Found a huge runed gate.
 30289 | Elf:2    | Found a huge runed gate.
 30922 | Elf:3    | Entered Level 3 of the Elven Halls
 30957 | Elf:3    | Reached XP level 16. HP: 123/123 MP: 33/33
 31294 | Elf:3    | Found Pisos's Distillery.
 31302 | Elf:3    | Bought a potion of agility for 44 gold pieces
 31302 | Elf:3    | Bought a potion of curing for 33 gold pieces
 31302 | Elf:3    | Bought a potion of heal wounds for 55 gold pieces
 31302 | Elf:3    | Bought a potion of cancellation for 88 gold pieces
 31302 | Elf:3    | Bought a potion of invisibility for 88 gold pieces
 31302 | Elf:3    | Bought 2 potions of curing for 66 gold pieces
 31302 | Elf:3    | Bought a potion of brilliance for 44 gold pieces
 31302 | Elf:3    | Bought a potion of brilliance for 44 gold pieces
 31302 | Elf:3    | Bought a potion of haste for 110 gold pieces
 31302 | Elf:3    | Bought a potion of mutation for 88 gold pieces
 31820 | Elf:3    | Reached skill level 11 in Fighting
 32003 | Elf:3    | Noticed a Brimstone Fiend
 32080 | Elf:3    | Offered knowledge of Poison Arrow by Vehumet.
 32271 | Elf:3    | Reached skill level 12 in Fighting
 33066 | Elf:3    | Reached skill level 13 in Fighting
 33209 | Elf:3    | Noticed a deep elf master archer
 33254 | Elf:3    | Noticed a deep elf blademaster
 33263 | Elf:3    | Killed a deep elf blademaster
 33687 | Elf:3    | Reached skill level 14 in Fighting
 33816 | Elf:3    | Noticed a deep elf master archer
 33829 | Elf:3    | Killed a deep elf master archer
 34243 | Elf:3    | Killed a deep elf master archer
 34272 | Elf:3    | Identified the Papyrus of Sinister Earth
 34281 | Elf:3    | Identified Qarixoyl's Reference Book on the Creative Oath
 34290 | Elf:3    | Identified Lieromij's Papyrus of Shifting Curses
 34435 | Elf:3    | Got a pair of heavily runed boots
 34436 | Elf:3    | Identified the +0 pair of boots of Okawaru's Scorn {Int+4 Dex+2 Stlth+} (You found it on level 3 of the Elven Halls)
 34807 | Spider:1 | Entered Level 1 of the Spider Nest
 34911 | Spider:1 | Gained mutation: You are somewhat able to resist unholy torments (1 in 2 success). [demonic ancestry]
 34911 | Spider:1 | Reached XP level 17. HP: 140/140 MP: 20/35
 35039 | Spider:1 | Reached skill level 15 in Fighting
 36956 | Spider:3 | Reached ****** piety under Vehumet
 37292 | Spider:3 | Offered knowledge of Glaciate by Vehumet.
 37292 | Spider:3 | Offered knowledge of Tornado by Vehumet.
 37292 | Spider:3 | Offered knowledge of Ignition by Vehumet.
 37293 | Spider:3 | Quit the game

Vault maps used:
D:1:      lemuel_arrival_tunnels
D:2:      lightli_temple_of_fire, first_ration, uniq_robin
D:3:      lemuel_coloured_pillars_altar, corexii_leaking_fountain,
          doesnt_xom_only_xom
D:4:      old_standard_altar, minmay_temple_entry_glassed_door, uniq_edmund,
          uniq_blork_the_orc
D:5:      cheibrodos_sewer_entry_bend, serial_shops, nicolae_shop_trees,
          minmay_statues_item
D:6:      uniq_duvessa
D:8:      slow_altar_1, gammafunk_temple_overflow_forgotten, erik_lair_island
D:10:     uniq_grum, uniq_psyche
D:11:     minmay_orc_entry_guard_dogs, special_room, serial_shops, shop, shop,
          kennysheep_mini_moat
D:12:     grunt_livestock, nicolae_ru_the_path_less_chosen
D:13:     david_vaults_4, uniq_maurice
D:14:     kennysheep_path_1
D:15:     gammafunk_depths_entry_grave, grunt_dithmenos_smoke, uniq_rupert
Temple:   regret_index_temple_generic_petals
Lair:1:   patterned_corridor
Lair:2:   minmay_shoals_entry_beasts, minivault_11, columned_hall_lemuel
Lair:3:   nicolae_spider_entry_non_spiders, minivault_25, beast_lair_carwin_3
Lair:4:   cheibrodos_magma_flow
Lair:6:   evil_forest, slime_dummy, serial_bayou_crossing
Spider:3: guppyfry_spider_mini_1
Orc:1:    nicolae_orc_tapped_out, uniq_nergalle, uniq_fannar
Orc:2:    grunt_orc_community_town_hall, grunt_orc_community_big_house_2,
          grunt_orc_community_big_house_1, grunt_orc_community_house_1,
          grunt_orc_community_house_3, grunt_orc_community_house_1,
          grunt_orc_community_house_3, grunt_orc_community_house_3,
          grunt_orc_community_house_1, basic_altar
Elf:1:    elf_arrival_001, kennysheep_underground_church
Elf:2:    serial_shops, nicolae_shop_crystal
Elf:3:    minmay_elf_hall_curves, serial_shops, nicolae_shop_statue_plus
Sewer:    sewer_big_baddie

Skill      XL: |  1  2  3  4  5  6  7  8  9 10 11 12 13 14 15 16 17 |
---------------+----------------------------------------------------+-----
Conjurations   | 2 3 4 6 8 10 11 12 | 12.9
Fire Magic     | 3 4 5 8 9 10 11 12 | 12.8
Spellcasting   | 3 4 5 6 7 9 10 11 13 14 | 14.3
Fighting       | 3 5 6 8 10 14 15 | 15.0
Dodging        | 3 5 7 9 10 | 10.0
Shields        | 3 4 |  4.0
Translocations | 3 |  3.0
Evocations     | 4 6 |  6.0
Summonings     | 3 |  3.0
Necromancy     | 3 4 |  4.2
Charms         | 3 4 |  4.5
Stealth        | |  1.7

Action                   |  1- 3 |  4- 6 |  7- 9 | 10-12 | 13-15 | 16-18 || total
-------------------------+-------+-------+-------+-------+-------+-------++-------
Melee: Dagger            |       |    10 |    73 |       |     4 |       ||    87
       Flail             |       |       |       |     8 |       |       ||     8
 Fire: Blowgun           |       |       |       |       |     3 |       ||     3
 Cast: Flame Tongue      |    71 |   148 |   261 |   154 |       |       ||   634
       Conjure Flame     |     2 |     2 |    16 |     8 |       |       ||    28
       Sticky Flame      |       |     3 |    25 |    40 |     5 |     2 ||    75
       Fireball          |       |       |       |   138 |   215 |   129 ||   482
       Iskenderun's Myst |       |       |       |    43 |   150 |    37 ||   230
       Bolt of Fire      |       |       |       |       |   232 |   163 ||   395
       Regeneration      |       |       |       |       |     2 |       ||     2
       Blink             |       |       |       |       |       |     1 ||     1
Evoke: Wand              |       |       |     2 |     1 |     6 |     3 ||    12
  Use: Scroll            |       |    12 |     5 |     8 |    12 |     6 ||    43
       Potion            |       |       |     1 |       |     1 |     2 ||     4
  Eat: Chunk             |     2 |     8 |    11 |    68 |   155 |    28 ||   272
       Ration            |       |     1 |     3 |       |     1 |     8 ||    13
Armor: Robe              |     9 |     3 |    23 |    15 |    18 |    16 ||    84
       Animal skin       |       |    25 |     9 |       |       |       ||    34
Dodge: Dodged            |    11 |    56 |    97 |    68 |    60 |    51 ||   343
Block: Buckler           |       |       |       |    17 |    20 |    15 ||    52

Table legend:
 A = Spawn XP
 B = Non-spawn XP
 C = Spawn XP percentage of total XP
 D = Spawn monster count
 E = Non-spawn monster count
 F = Spawn count percentage of total count
 G = Total turns spent on level
                    A         B        C        D         E        F      G
               +---------+---------+-------+---------+---------+-------+---------
         Total |       0 |  257575 |   0.0 |       0 |     959 |   0.0 | 37293
               +---------+---------+-------+---------+---------+-------+---------
           D:1 |       0 |      38 |   0.0 |       0 |      25 |   0.0 |   945
           D:2 |       0 |     163 |   0.0 |       0 |      45 |   0.0 |  1133
           D:3 |       0 |     153 |   0.0 |       0 |      28 |   0.0 |  1324
           D:4 |       0 |     271 |   0.0 |       0 |      10 |   0.0 |   951
           D:5 |       0 |     588 |   0.0 |       0 |      14 |   0.0 |  1010
           D:6 |       0 |     755 |   0.0 |       0 |      18 |   0.0 |  1360
           D:7 |       0 |     735 |   0.0 |       0 |      26 |   0.0 |   947
           D:8 |       0 |    2663 |   0.0 |       0 |      55 |   0.0 |  1444
           D:9 |       0 |    1885 |   0.0 |       0 |      16 |   0.0 |   720
          D:10 |       0 |    4935 |   0.0 |       0 |      30 |   0.0 |  1433
          D:11 |       0 |    4329 |   0.0 |       0 |      45 |   0.0 |  1336
          D:12 |       0 |    4388 |   0.0 |       0 |      25 |   0.0 |  1201
          D:13 |       0 |    7128 |   0.0 |       0 |      26 |   0.0 |   919
          D:14 |       0 |    9101 |   0.0 |       0 |      35 |   0.0 |   983
          D:15 |       0 |   13511 |   0.0 |       0 |      32 |   0.0 |  1326
        Lair:1 |       0 |    2666 |   0.0 |       0 |      32 |   0.0 |  1233
        Lair:2 |       0 |    7109 |   0.0 |       0 |      21 |   0.0 |  1514
        Lair:3 |       0 |    6613 |   0.0 |       0 |      36 |   0.0 |  1244
        Lair:4 |       0 |    1941 |   0.0 |       0 |       9 |   0.0 |  1005
        Lair:5 |       0 |    6935 |   0.0 |       0 |      23 |   0.0 |  2266
        Lair:6 |       0 |   22781 |   0.0 |       0 |      56 |   0.0 |  1529
      Spider:1 |       0 |   18360 |   0.0 |       0 |      51 |   0.0 |   583
      Spider:2 |       0 |   19480 |   0.0 |       0 |      37 |   0.0 |  1651
      Spider:3 |       0 |    8894 |   0.0 |       0 |      27 |   0.0 |    99
         Orc:1 |       0 |    3803 |   0.0 |       0 |      24 |   0.0 |   829
         Orc:2 |       0 |   12798 |   0.0 |       0 |     101 |   0.0 |  1857
         Elf:1 |       0 |   16421 |   0.0 |       0 |      24 |   0.0 |  1377
         Elf:2 |       0 |   21933 |   0.0 |       0 |      32 |   0.0 |  1247
         Elf:3 |       0 |   57081 |   0.0 |       0 |      50 |   0.0 |  3475
         Sewer |       0 |     117 |   0.0 |       0 |       6 |   0.0 |   121
               +---------+---------+-------+---------+---------+-------+---------
